 Dungeon Sprint DCSS version 0.28-a0-793-g31680bbd8b (webtiles) character file.

Game seed: 841115024737521202

1300000 ytrimaz the Disciple of Destruction (level 12, -2/91 HPs)
             Began as a Demonspawn Gladiator on Nov 3, 2021.
             Was a Follower of Makhleb.
             Slain by a meat berserker (58 damage)
             ... in the Dungeon (Sprint VIII: "Arena of Blood").
             The game lasted 00:00:32 (13 turns).

ytrimaz the Disciple of Destruction (DsGl)            Turns: 13, Time: 00:00:33

Health: -2/91      AC: 18    Str: 20    XL:     12   Next: 45%
Magic:  2/26       EV: 18    Int: 10    God:    Makhleb [*.....]
Gold:   0          SH:  4    Dex: 14    Spells: 32/32 levels left

rFire   . . .      SeeInvis .   j - +∞ Axe of Woe
rCold   . . .      Faith    .   (shield currently unavailable)
rNeg    . . .      Spirit   .   a - +0 leather armour
rPois   .          Reflect  .   b - +0 helmet
rElec   .          Harm     .   (no cloak)
rCorr   .          Rampage  .   (no gloves)
Will    .....      NoTele   +   (no boots)
Stlth   +++++.....              (no amulet)
HPRegen 4.25/turn               (no ring)
MPRegen 0.20/turn               (no ring)

@: sanguine armoured
A: claws 1, icemail 1, powered by death 2, sanguine armour 2, condensation
shield
a: Renounce Religion


You were in the Dungeon.
You worshipped Makhleb.
Makhleb was aware of your devotion.
You visited 1 branch

Inventory:

Hand Weapons
 j - the +∞ Axe of Woe (weapon)
   (You found it in the Dungeon)
Missiles
 c - 3 throwing nets (quivered)
Armour
 a - a +0 leather armour (worn)
 b - a +0 helmet (worn)
Scrolls
 i - a scroll of blinking
Potions
 d - a potion of curing
 e - a potion of heal wounds
 f - a potion of haste
 g - 2 potions of magic
 h - a potion of berserk rage


   Skills:
 + Level 7.3 Fighting
 * Level 10.4 Axes
 + Level 6.4 Throwing
 * Level 10.7 Armour
 + Level 13.1 Dodging
 * Level 11.6 Stealth
 + Level 12.8 Unarmed Combat
 * Level 10.6 Spellcasting
 * Level 14.3 Invocations


You had 32 spell levels left.
You didn't know any spells.
Your spell library was empty.

Dungeon Overview and Level Annotations

Branches:
Dungeon (1/1)

Altars:
Makhleb


Innate Abilities, Weirdness & Mutations

You have sharp fingernails.
A meltable icy envelope protects you from harm. (AC +4)
You regenerate health from kills.
When seriously injured, your bleeding wounds create thick armour. (AC +9)
A meltable shield of frost defends you. (SH +4)


Message History

Your Invocations skill gained 3 levels and is now at level 14!
You have reached level 11!
You have reached level 12!
Your experience leads to an increase in your attributes!
Increase (S)trength, (I)ntelligence, or (D)exterity?
You feel stronger.
You feel clever.
Your demonic ancestry asserts itself...
You feel your blood thicken.
Unknown command.
A bag of meat comes into view. It is wielding a +9 war axe.
The bag of meat shouts!
You hear a shout! x3
A bag of meat comes into view. It is wielding a +9 war axe.
You hear a shout! x2
A meat berserker comes into view. It is wielding a +9 battleaxe.
You hear a shout! x6
You hear a shout! x5
A bag of meat comes into view. It is wielding a +9 war axe.
You hear a shout! x2
An orc and an ogre come into view.
The bag of meat appears out of thin air!
A bag of meat comes into view. It is wielding a +9 war axe.
The meat berserker shouts!
You hear two shouts!
You hear a shout! x4
The meat berserker rages.
You hear a shout! x2
The bag of meat hits you with a +9 war axe!!!
Your blood congeals into armour.
The bag of meat hits you but does no damage.
The bag of meat shouts! x3
Unknown command.
The bag of meat shouts!
You slash the bag of meat!
You slaughter the bag of meat joyfully.
You kill the bag of meat!
Makhleb accepts your kill.
You hit the bag of meat.
You pulverise the bag of meat into a thin bloody mist.
You kill the bag of meat!
Makhleb accepts your kill.
You hear a shout! x2
The meat berserker hits you with a +9 battleaxe!!!
Ouch! That really hurt!
You die...

.........###......
.#........_.....
.......#.....#
.......#_.<._# .
.......#.....#....
#....)..._.......
.........###......
....###.O.....###.
... #.@o....# .
#).)..oo#
..o........
.............
.....o..O......
..............#
....#..oo.o..#.
.............#


You could see 2 meat berserkers and 8 bags of meat.

Vanquished Creatures
  An ogre (D)
  3 orcs (D)
4 creatures vanquished.

Notes
Turn   | Place    | Note
-------+----------+-------------------------------------------
     0 | D        | Found the +∞ Axe of Woe
     0 | D        | ytrimaz the Demonspawn Gladiator began the quest for the
                  | Orb.
     0 | D        | Reached XP level 1. HP: 16/16 MP: 1/1
     2 | D        | Noticed a bag of meat
     3 | D        | Became a worshipper of Makhleb the Destroyer
     7 | D        | Noticed a meat berserker
     8 | D        | Killed a bag of meat
     8 | D        | Noticed a meat berserker
     8 | D        | Noticed a bag of meat
     9 | D        | Reached skill level 5 in Fighting
     9 | D        | Reached skill level 5 in Throwing
     9 | D        | Reached skill level 10 in Dodging
     9 | D        | Reached skill level 10 in Unarmed Combat
     9 | D        | Reached skill level 11 in Invocations
     9 | D        | Gained mutation: You regenerate a little health from kills.
                  | [demonic ancestry]
     9 | D        | Reached XP level 2. HP: 27/27 MP: 1/11
     9 | D        | Gained mutation: A meltable shield of frost defends you.
                  | (SH +4) [demonic ancestry]
     9 | D        | Reached XP level 3. HP: 33/33 MP: 1/12
     9 | D        | Reached XP level 4. HP: 39/39 MP: 1/14
     9 | D        | Gained mutation: A meltable icy envelope protects you from
                  | harm. (AC +4) [demonic ancestry]
     9 | D        | Reached XP level 5. HP: 45/45 MP: 1/15
     9 | D        | Gained mutation: You have sharp fingernails. [demonic
                  | ancestry]
     9 | D        | Reached XP level 6. HP: 51/51 MP: 1/17
     9 | D        | Gained mutation: You regenerate health from kills. [demonic
                  | ancestry]
     9 | D        | Reached XP level 7. HP: 56/56 MP: 1/18
     9 | D        | Gained mutation: When seriously injured, your bleeding
                  | wounds create armour. (AC +9) [demonic ancestry]
     9 | D        | Reached XP level 8. HP: 63/63 MP: 1/20
     9 | D        | Reached XP level 9. HP: 68/68 MP: 1/21
     9 | D        | Reached XP level 10. HP: 75/75 MP: 1/22
     9 | D        | Killed a meat berserker
     9 | D        | Reached * piety under Makhleb
     9 | D        | Noticed a bag of meat
     9 | D        | Noticed a bag of meat
     9 | D        | Noticed a bag of meat
     9 | D        | Noticed a bag of meat
    10 | D        | Reached skill level 10 in Axes
    10 | D        | Reached skill level 10 in Armour
    10 | D        | Reached skill level 10 in Spellcasting
    10 | D        | Reached skill level 14 in Invocations
    10 | D        | Reached XP level 11. HP: 84/84 MP: 1/25
    10 | D        | Gained mutation: When seriously injured, your bleeding
                  | wounds create thick armour. (AC +9) [demonic ancestry]
    10 | D        | Reached XP level 12. HP: 91/91 MP: 1/26
    10 | D        | Noticed a bag of meat
    10 | D        | Noticed a bag of meat
    10 | D        | Noticed a meat berserker
    11 | D        | Noticed a bag of meat
    12 | D        | Noticed a bag of meat
    12 | D        | Noticed a meat berserker
    12 | D        | Noticed a bag of meat
    13 | D        | Killed a bag of meat
    13 | D        | Killed a bag of meat
    13 | D        | Slain by a meat berserker

Illustrated notes

Levels and vault maps discovered:
D:        meatsprint

Skill      XL: |  1  2  3  4  5  6  7  8  9 10 |
---------------+-------------------------------+-----
Fighting       | 5 7 |  7.3
Axes           | 8 10 | 10.4
Throwing       | 5 6 |  6.4
Armour         | 8 10 | 10.7
Dodging        | 10 13 | 13.1
Stealth        | 9 11 | 11.6
Unarmed Combat | 10 12 | 12.8
Spellcasting   | 8 10 | 10.6
Invocations    | 11 14 | 14.3

Action                   |  1- 3 |  4- 6 |  7- 9 | 10-12 || total
-------------------------+-------+-------+-------+-------++-------
Melee: Executioner's axe |     1 |       |       |     2 ||     3
Armor: Leather armour    |       |       |       |     1 ||     1
Dodge: Dodged            |     1 |       |       |       ||     1

Table legend: (Time is in decaauts)
 A = Elapsed time spent in this place.
 B = Non-inter-level travel time spent in this place.
 C = Inter-level travel time spent in this place.
 D = Time resting spent in this place.
 E = Time spent auto-exploring this place.
 F = Levels seen in this place.
 G = Mean time per level.
                   A        B        C        D        E       F      G
               +--------+--------+--------+--------+--------+-----+--------+
         Total |     13 |     13 |      0 |      0 |      0 |   1 |   13.0 |
       Dungeon |     13 |     13 |      0 |      0 |      0 |   1 |   13.0 |
               +--------+--------+--------+--------+--------+-----+--------+

Top non-repeatable levels by time:
       D: 13 daAuts
